Map: Dreamcatcher LE

Players

FuNdaMentaL - Winner!

  • Race: Terran Terran
  • League: Platinum
  • Spawn Location: 11:00

Swatopluke

  • Race: Protoss Protoss
  • League: Platinum
  • Spawn Location: 5:00

VOD

Have the link to the VOD?

Description

Time

  • Played on: Nov. 12, 2018, 8:29 p.m.
  • Length: 27:56
Show
View Real Time Build Order
Export as new Build Order

FuNdaMentaL Terran - Winner!

Build Orders:  

Get SALT Encoding   

  12  0:01  SCV  
  13  0:13  SCV  
  14  0:24  Supply Depot  
  14  0:25  SCV  
  15  0:39  Supply Depot  
  15  0:46  SCV  
  15  0:49  Barracks  
  16  0:58  SCV  
  17  1:10  SCV  
  18  1:22  SCV  
  19  1:34  Command Center  
  19  1:38  Marine  
  20  1:45  Bunker  
  20  1:50  SCV  
  20  1:53  Refinery  
  21  2:09  Marine  
  21  2:14  Refinery  
  21  2:15  Orbital Command  
  22  2:27  Marine  
  23  2:42  Barracks  
  23  2:48  Marine  
  24  2:54  Orbital Command  
  24  3:03  SCV, Factory  
  25  3:11  Engineering Bay  
  25  3:15  SCV  
  26  3:22  Marine  
  27  3:27  SCV  
  28  3:34  Engineering Bay  
  28  3:39  SCV  
  29  3:44  Marine  
  29  3:46  Barracks Tech Lab  
  29  3:47  Refinery  
  30  3:49  Factory Tech Lab  
  30  3:55  Missile Turret  
  30  4:01  SCV  
  31  4:04  Starport  
  31  4:06  Stimpack  
  31  4:08  Marine x2  
  33  4:13  SCV x2, Missile Turret  
  35  4:23  Siege Tank  
  38  4:25  SCV  
  39  4:37  SCV  
  40  4:42  Medivac  
  42  4:45  Barracks  
  42  4:50  SCV  
  43  4:53  SCV  
  43  4:59  Hi-Sec Auto Tracking, Missile Turret  
  44  5:07  Supply Depot  
  44  5:11  Supply Depot  
  44  5:12  Terran Infantry Weapons Level 1  
  44  5:17  Marine x2  
  46  5:23  Supply Depot  
  46  5:25  Refinery  
  46  5:29  SCV  
  45  5:41  SCV  
  45  5:47  Barracks Reactor  
  45  5:49  Viking  
  47  5:58  Armory  
  47  6:09  Missile Turret  
  47  6:11  Structure Armor  
  47  6:12  Marine x2  
  49  6:29  Combat Shield  
  49  6:30  Marine x2  
  49  6:32  SCV  
  52  6:44  SCV  
  53  6:49  Barracks Reactor  
  53  6:56  SCV  
  54  7:08  Marine x2, SCV  
  56  7:10  Starport Reactor  
  56  7:14  Thor  
  63  7:17  SCV  
  64  7:29  SCV  
  65  7:32  Barracks, Marine x2  
  65  7:36  Barracks  
  67  7:37  Marine x2  
  69  7:46  Supply Depot  
  69  7:49  Missile Turret  
  69  7:50  Marine, Terran Infantry Weapons Level 2  
  69  7:51  Supply Depot  
  70  8:03  Thor  
  70  8:04  SCV x2  
  78  8:09  Terran Infantry Armor Level 1  
  78  8:15  Viking x2  
  78  8:16  SCV x2  
  78  8:19  Marine x4  
  87  8:20  Marine  
  87  8:24  Supply Depot  
  89  8:28  SCV x2  
  91  8:41  Marine  
  91  8:42  Marine x2  
  91  8:45  Medivac x2  
  98  8:55  Marauder  
  100  9:05  Barracks Tech Lab  
  100  9:07  Thor  
  100  9:08  Supply Depot  
  106  9:10  Missile Turret  
  106  9:16  Marauder  
  108  9:22  Supply Depot  
  108  9:32  Supply Depot  
  108  9:37  Marauder  
  110  9:42  Marauder  
  110  9:43  Marine x2  
  110  9:44  Marine x2  
  116  9:47  Concussive Shells  
  116  9:48  SCV  
  117  9:55  Viking, Starport  
  117  9:56  Viking  
  117  9:59  Marauder  
  123  10:00  SCV  
  123  10:01  Marine x3  
  123  10:05  Supply Depot  
  109  10:25  Viking  
  87  10:43  Medivac  
  87  10:45  Marauder x2, Marine x2  
  87  10:46  Marine x2  
  97  10:53  Command Center  
  97  10:55  Medivac  
  99  11:03  Marine  
  100  11:06  Marauder  
  100  11:07  Marauder  
  100  11:10  Terran Infantry Weapons Level 3  
  104  11:12  Terran Infantry Armor Level 2  
  104  11:14  Marine x2  
  106  11:27  Marauder  
  108  11:32  Starport Reactor  
  108  11:52  Thor  
  114  12:08  Planetary Fortress  
  114  12:17  Missile Turret  
  114  12:22  Terran Vehicle Weapons Level 1  
  114  12:24  Barracks Reactor  
  114  12:26  Marauder x2, Marine x4  
  114  12:29  Supply Depot  
  122  12:35  Thor  
  128  12:44  Marine x2  
  105  13:03  Viking  
  105  13:04  Viking  
  109  13:06  Medivac  
  109  13:08  Marauder x2  
  109  13:09  Marine x6  
  121  13:17  Thor  
  127  13:26  Marine x2  
  128  13:27  Marine x3  
  128  13:29  Marauder  
  128  13:32  Missile Turret  
  128  13:33  Viking x2  
  128  13:34  Marauder, Marine  
  140  13:38  Missile Turret  
  140  13:40  Missile Turret  
  141  13:46  Factory  
  141  13:50  Marauder  
  141  13:55  Marauder  
  145  13:58  SCV, Refinery  
  146  14:09  SCV  
  147  14:10  SCV  
  147  14:16  Terran Ship Weapons Level 1  
  148  14:18  Missile Turret  
  148  14:22  SCV  
  149  14:25  Barracks  
  149  14:26  Barracks  
  149  14:30  Refinery  
  149  14:34  SCV  
  150  14:42  Missile Turret  
  150  14:46  SCV  
  150  14:48  Marauder x2  
  150  14:49  Marine x3  
  158  14:58  SCV  
  159  15:09  Command Center  
  159  15:10  Marauder  
  159  15:14  Missile Turret x2  
  161  15:19  Marauder  
  161  15:20  Marine  
  161  15:21  Marine  
  165  15:26  Marine  
  164  15:31  Marauder  
  164  15:41  Marauder  
  163  15:50  Marine x2  
  165  16:00  Thor  
  165  16:01  Marauder  
  165  16:02  Marauder  
  175  16:06  Missile Turret  
  175  16:07  Marine  
  175  16:10  Refinery  
  176  16:15  Marine  
  177  16:21  Marine x2  
  177  16:22  Marauder, Missile Turret  
  181  16:26  Marine x6  
  124  17:03  Marauder x2  
  124  17:04  Marine x4  
  106  17:10  Viking x2  
  104  17:22  Marine  
  105  17:25  Marauder x2  
  109  17:39  Planetary Fortress  
  109  17:46  Marauder x2  
  109  17:48  Marine x5  
  109  17:49  Marine  
  119  18:09  Marauder x2, Marine x2  
  119  18:10  Marine  
  126  18:15  Supply Depot  
  126  18:19  Supply Depot  
  126  18:30  Marauder  
  126  18:31  Marauder  
  130  18:52  Marauder x2  
  134  19:07  Viking, Sensor Tower  
  134  19:08  Viking  
  138  19:10  Marine x5  
  138  19:13  Marauder x2  
  134  19:34  Marauder  
  95  19:46  Marauder  
  95  19:47  Marine x4  
  99  19:56  Marauder  
  101  20:03  Viking x2  
  105  20:08  Marauder  
  105  20:09  SCV  
  109  20:21  SCV  
  109  20:24  Marauder, Marine  
  109  20:25  Marine x4  
  116  20:29  Marauder  
  116  20:31  Command Center  
  116  20:33  Viking x2  
  122  20:46  Marauder  
  113  21:03  Viking  
  104  21:09  Marauder x2, Marine x4  
  79  21:18  Marine x2  
  79  21:20  Viking  
  81  21:27  Marine  
  81  21:30  Marauder x2  
  86  21:51  Marauder x2  
  90  21:59  Medivac x2  
  90  22:01  Marine x3  
  97  22:12  Planetary Fortress  
  97  22:13  Marauder x2  
  101  22:29  Medivac  
  97  22:34  Marauder x2  
  91  22:44  Marine x2  
  77  22:55  Marauder  
  77  22:56  Marauder  
  77  22:57  SCV  
  82  23:00  Marine x3  
  82  23:01  Marine  
  82  23:02  Marine  
  87  23:09  SCV  
  87  23:11  Thor  
  94  23:17  Marauder x2  
  98  23:21  SCV  
  99  23:38  Marauder x2  
  95  24:00  Marauder x2  
  89  24:03  Marine x3  
  89  24:04  Marine x3  
  89  24:21  Marine x4, Marauder x2, Viking x2  
  101  24:25  Viking x2  
  101  24:27  Thor  
  111  24:42  Marauder  
  111  24:43  Marauder  
  115  24:51  Viking x2  
  117  24:55  Viking x2  
  121  25:04  Marauder  
  115  25:09  Marauder, Marine x2  
  115  25:10  Marine, Thor  
  115  25:13  Marine x3  
  123  25:20  Viking  
  123  25:21  Medivac  
  127  25:25  Medivac, Marauder  
  127  25:27  Marine  
  131  25:28  Marine x2  
  131  25:30  Marauder  
  131  25:31  Marine  
  136  25:37  Missile Turret  
  136  25:46  Marauder  
  136  25:48  Viking  
  140  25:50  Viking  
  140  25:51  Viking  
  140  25:52  Marauder, Marine  
  140  25:55  Viking  
  149  26:07  Thor  
  149  26:08  Marauder  
  149  26:09  Marine x2  
  159  26:13  Marauder  
  159  26:15  SCV  
  162  26:29  Marauder, Command Center  
  164  26:34  Marauder  
  166  26:51  Marauder  
  167  26:56  Marauder  
  169  27:12  Marauder  
  171  27:17  Marauder  
Show
View Real Time Build Order
Export as new Build Order

Swatopluke Protoss 

Build Orders: 1 Gate Expand, Phoenix Opening 

Get SALT Encoding   

  12  0:00  Probe  
  13  0:13  Probe  
  14  0:17  Pylon  
  14  0:25  Probe  
  15  0:35  Probe, Gateway  
  16  0:46  Probe  
  16  0:54  Assimilator  
  17  0:58  Probe  
  18  1:10  Probe  
  18  1:22  Cybernetics Core, Probe  
  19  1:37  Nexus  
  19  1:39  Probe  
  20  1:46  Assimilator  
  20  1:49  Adept  
  20  1:51  Probe  
  21  1:57  Warp Gate  
  23  2:03  Pylon  
  23  2:21  Probe  
  24  2:29  Robotics Facility  
  24  2:34  Probe  
  25  2:39  Adept  
  25  2:46  Probe  
  28  3:03  Probe  
  28  3:05  Gateway  
  29  3:07  Stargate  
  29  3:08  Gateway  
  29  3:11  Probe  
  30  3:13  Observer  
  30  3:19  Probe  
  32  3:23  Probe  
  33  3:31  Probe  
  34  3:35  Pylon, Probe  
  35  3:45  Probe  
  36  3:55  Phoenix  
  38  4:04  Stalker x2  
  42  4:12  Probe, Assimilator  
  42  4:13  Probe  
  44  4:21  Probe  
  44  4:23  Phoenix  
  46  4:25  Stalker  
  49  4:47  Probe x2  
  51  4:53  Robotics Bay  
  51  4:59  Probe x2  
  53  5:11  Probe  
  54  5:14  Pylon  
  54  5:16  Pylon  
  54  5:18  Pylon  
  54  5:19  Assimilator  
  54  5:32  Probe x2, Void Ray  
  60  5:44  Probe x2, Zealot  
  60  5:45  Zealot  
  60  5:49  Twilight Council  
  66  5:53  Gateway  
  66  5:56  Probe x2  
  68  6:02  Extended Thermal Lance  
  68  6:04  Probe x2  
  68  6:11  Charge  
  70  6:12  Probe x2  
  70  6:15  Void Ray  
  76  6:23  Probe  
  76  6:25  Nexus  
  77  6:26  Probe  
  78  6:35  Pylon  
  78  6:36  Pylon  
  78  6:38  Pylon  
  78  6:41  Probe  
  77  6:53  Void Ray  
  77  6:55  Colossus  
  77  7:05  Stalker  
  77  7:06  Stalker x2  
  93  7:14  Probe, Assimilator  
  94  7:20  Probe  
  95  7:26  Probe  
  96  7:31  Stalker  
  96  7:32  Stalker x2  
  96  7:35  Colossus  
  102  7:37  Probe  
  102  7:38  Probe  
  102  7:39  Void Ray  
  108  7:51  Probe, Assimilator  
  114  7:52  Probe  
  114  7:53  Probe  
  117  8:10  Templar Archives  
  117  8:27  Pylon  
  117  8:28  Pylon  
  117  8:30  Pylon  
  117  8:31  Observer  
  117  8:32  Pylon  
  117  8:34  Pylon  
  117  8:36  Colossus  
  117  8:45  Probe x3  
  126  8:48  Psionic Storm  
  124  8:57  Probe x2, Void Ray  
  124  8:58  Zealot x4  
  138  9:13  Probe x2  
  140  9:31  Zealot x4  
  146  9:34  Observer  
  148  9:42  Void Ray  
  153  10:00  Probe x3  
  153  10:04  Pylon  
  153  10:06  Pylon  
  156  10:09  Pylon  
  156  10:11  Pylon, Colossus  
  156  10:12  Pylon x2  
  156  10:21  Void Ray  
  117  10:37  Zealot x4  
  115  10:49  Colossus  
  115  10:50  Gateway  
  115  10:52  Void Ray, Gateway  
  115  11:00  Probe x3  
  122  11:06  Zealot x2  
  122  11:07  Zealot x2  
  136  11:16  Probe x2  
  138  11:19  Robotics Facility  
  138  11:21  Robotics Facility  
  138  11:26  Nexus  
  138  11:27  High Templar  
  138  11:28  High Templar x3  
  146  11:34  Colossus  
  146  11:36  Void Ray  
  156  12:01  High Templar x3  
  156  12:02  Colossus x2, High Templar  
  164  12:11  Stargate  
  176  12:16  Stargate  
  132  12:51  Archon  
  132  12:57  Zealot x2  
  120  12:58  High Templar  
  120  12:59  High Templar x3  
  120  13:03  Phoenix x2  
  132  13:15  Colossus  
  132  13:19  Pylon  
  132  13:21  Pylon  
  132  13:23  Gateway  
  132  13:24  Probe, Gateway  
  132  13:25  Probe, Void Ray, Gateway  
  144  13:29  Gateway  
  144  13:31  Phoenix  
  146  13:42  Phoenix  
  144  13:56  Phoenix  
  146  14:04  Assimilator  
  146  14:07  Phoenix, Assimilator  
  148  14:10  Probe x2  
  148  14:13  Void Ray  
  148  14:16  Nexus  
  154  14:19  Stalker, Assimilator  
  154  14:21  Phoenix  
  154  14:22  Zealot x2  
  154  14:23  Zealot x3  
  154  14:24  Assimilator  
  168  14:32  Phoenix  
  170  14:42  Probe x2  
  170  14:45  High Templar  
  174  14:46  Phoenix  
  174  14:50  Pylon  
  176  14:53  Pylon  
  176  14:57  Phoenix  
  174  15:04  Colossus  
  174  15:06  Phoenix  
  182  15:11  Phoenix  
  184  15:22  Phoenix  
  182  15:36  Phoenix  
  180  15:47  Phoenix  
  178  15:52  Stalker x2  
  178  15:53  Stalker x2, Zealot  
  178  15:54  Zealot x4  
  178  15:55  Zealot  
  198  16:01  Phoenix  
  200  16:26  Forge  
  200  16:28  Forge  
  200  16:29  Forge  
  108  17:09  Probe x3  
  93  17:16  High Templar x4  
  93  17:17  Zealot x3  
  93  17:18  Zealot x2  
  93  17:19  Zealot  
  93  17:20  Colossus  
  93  17:21  Probe x2, Colossus  
  121  17:23  Void Ray, Colossus  
  121  17:24  Protoss Ground Weapons Level 1  
  121  17:25  Protoss Ground Armor Level 1  
  121  17:26  Void Ray  
  121  17:27  Void Ray  
  139  17:41  Zealot x3  
  139  17:42  Zealot x3  
  151  17:57  Stalker  
  151  17:58  Stalker x3  
  159  17:59  Probe x2  
  159  18:02  Probe, Gateway  
  159  18:05  Gateway  
  162  18:11  Probe  
  163  18:33  Zealot x3  
  163  18:34  Stalker, Zealot x2  
  173  18:35  Stalker x4  
  173  18:40  Probe x2  
  185  18:42  Protoss Shields Level 1  
  185  18:56  Colossus  
  185  19:00  Colossus  
  117  19:47  High Templar  
  117  19:48  High Templar x5  
  117  19:49  Zealot x4  
  117  19:52  Void Ray x2  
  139  19:53  Colossus  
  139  19:58  Archon  
  139  19:59  Archon  
  139  20:03  Probe x2  
  141  20:13  Gateway  
  141  20:15  Gateway  
  141  20:32  Zealot x5  
  141  20:33  Zealot x4  
  153  20:40  Void Ray  
  149  20:49  Nexus  
  142  21:02  Zealot  
  142  21:03  Zealot x6  
  142  21:04  Zealot x2  
  146  21:10  Colossus  
  124  21:21  Probe x2  
  124  21:22  Probe  
  124  21:23  Void Ray  
  124  21:24  Assimilator  
  125  21:26  Stalker  
  125  21:27  Stalker x5  
  125  21:29  Assimilator  
  121  21:59  Colossus  
  121  22:00  Zealot  
  129  22:02  Zealot x7  
  129  22:03  Zealot  
  129  22:06  Void Ray  
  129  22:07  Probe  
  129  22:08  Probe  
  137  22:38  Zealot x8  
  137  22:39  Zealot  
  133  22:48  Void Ray  
  123  22:56  Colossus  
  123  22:57  Colossus  
  129  22:59  Probe x2  
  129  23:00  Probe  
  129  23:04  Stargate  
  132  23:05  Observer  
  132  23:06  Stargate  
  132  23:07  Stargate  
  132  23:11  Probe x2  
  134  23:20  Stalker x3  
  134  23:21  Stalker x5  
  150  23:32  Nexus  
  150  23:37  Void Ray  
  114  24:15  Stalker x7  
  114  24:16  Stalker  
  118  24:21  Gateway  
  118  24:22  Phoenix  
  120  24:26  Phoenix  
  120  24:27  Phoenix  
  120  24:30  Phoenix  
  126  24:44  Stalker x4  
  130  24:54  Assimilator  
  130  24:57  Assimilator  
  80  25:18  Disruptor x2  
  80  25:19  Phoenix  
  85  25:23  Zealot x7  
  85  25:27  Probe x2  
  94  25:39  Pylon  
  94  25:40  Probe x2  
  94  25:41  Pylon  
  96  25:43  Pylon  
  96  25:48  Phoenix  
  98  25:51  Zealot  
  98  25:52  Zealot x2  
  98  25:53  Zealot x5  
  98  25:54  Nexus  
  114  26:01  Probe x2  
  116  26:13  High Templar  
  116  26:14  High Templar  
  116  26:15  Zealot x2  
  116  26:16  Zealot x4  
  130  26:55  Phoenix x2  
  130  26:56  Phoenix  
  130  26:59  Zealot x3  
  130  27:00  Zealot  
  144  27:20  Gateway  
  122  27:24  Gateway  
  122  27:25  Probe x2  
  122  27:26  Probe  
  105  27:37  Probe  
Tags
 
Add a new tag
Caveats
  • Supply blocks, unpowered buildings, or Contaminate may cause inaccurate times.
  • Supply counts are checked every 10 seconds.